APP
SAN FRANCISCO (APP) GIANTS @ BILLINGS MUSTANGS
09/19/2049
 
TOP OF THE 1ST
San Francisco (APP) Giants batting - Pitching for Helena Brewers : RHP Cesar Pulido
Pitching: RHP Cesar Pulido
Batting: RHB Jonathan Hemsley 0-0: Ball
1-0: Foul Ball, location: 2F
1-1: Ball
2-1: Swinging Strike
2-2: Foul Ball, location: 2F
2-2: Ball
3-2: Strikes out swinging
Batting: RHB Jerry Schlaak 0-0: Called Strike
0-1: Ball
1-1: Ball
2-1: Called Strike
2-2: Foul Ball, location: 2F
2-2: Foul Ball, location: 2F
2-2: Foul Ball, location: 2F
2-2: Foul Ball, location: 2F
2-2: Ball
3-2: Foul Ball, location: 2F
3-2: Strikes out swinging
Batting: RHB Matt Wallace 0-0: Called Strike
0-1: Foul Ball, location: 2F
0-2: Foul Ball, location: 2F
0-2: Ball
1-2: Ball
2-2: Strikes out swinging
Top of the 1st over - 0 runs, 0 hits, 0 errors, 0 left on base; San Francisco (APP) 0 - Helena 0
BOTTOM OF THE 1ST
Helena Brewers batting - Pitching for San Francisco (APP) Giants : RHP Corey Foster
Pitching: RHP Corey Foster
Batting: RHB Mohammed bin Ubaida 0-0: Called Strike
0-1: Ball
1-1: Foul Ball, location: 2F
1-2: Ball
2-2: Ground out 6-3 (Groundball, 56D, EV 103.1 MPH)
Batting: RHB Frank Pena 0-0: Ball
1-0: Called Strike
1-1: Ball
2-1: Swinging Strike
2-2: Ball
3-2: Base on Balls
Batting: RHB Xiao-shuang Au 0-0: Ball
Passed Ball!
Frank Pena to second
1-0: Foul Ball, location: 2F
1-1: 2-RUN HOME RUN (Flyball, 78XD, EV 115.0 MPH), Distance : 450 ft
Batting: LHB Fumito Sakurai 0-0: Ball
1-0: Called Strike
1-1: Ball
2-1: Foul Ball, location: 2F
2-2: Ball
3-2: SINGLE (Flyball, 9S, EV 93.1 MPH)
Pitching: RHP Newt Reid
Batting: RHB Jeremy Harden 0-0: Ball
1-0: Called Strike
1-1: Ball
2-1: Ball
3-1: Reached on error, E1 (Groundball, 25, EV 72.5 MPH)
Fumito Sakurai to second
Batting: RHB Curtis Montgomery 0-0: Fly out, F9 (Line Drive, 89S, EV 89.4 MPH)
Batting: RHB Drew Forbess 0-0: Called Strike
0-1: Called Strike
0-2: Foul Ball, location: 2F
0-2: Ball
1-2: Ball
2-2: Foul Ball, location: 2F
2-2: Reached on error, E6 (Groundball, 6, EV 91.9 MPH)
Fumito Sakurai to third
Jeremy Harden to second
Batting: RHB Jesus Menjivar 0-0: Ball
Passed Ball!
Fumito Sakurai scores
Jeremy Harden to third
Drew Forbess to second
1-0: Ball
Passed Ball!
Jeremy Harden scores
Drew Forbess to third
2-0: Called Strike
2-1: Ball
3-1: Base on Balls
Pitching: RHP Sam Green
Batting: LHB Alex Chairez 0-0: Called Strike
0-1: TRIPLE (Flyball, 89XD, EV 88.8 MPH)
Drew Forbess scores
Jesus Menjivar scores
Batting: RHB Mohammed bin Ubaida 0-0: Called Strike
0-1: Ball
1-1: Swinging Strike
1-2: Strikes out swinging
Bottom of the 1st over - 6 runs, 3 hits, 2 errors, 1 left on base; San Francisco (APP) 0 - Helena 6
TOP OF THE 2ND
San Francisco (APP) Giants batting - Pitching for Helena Brewers : RHP Cesar Pulido
Batting: SHB Cedric Sweep 0-0: Called Strike
0-1: Foul Ball, location: 2F
0-2: Foul Ball, location: 2F
0-2: Foul Ball, location: 2F
0-2: Foul Ball, location: 2F
0-2: Foul Ball, location: 2F
0-2: Ball
1-2: Ball
2-2: Strikes out looking
Batting: RHB Rúbem Trancoso 0-0: Called Strike
0-1: Foul Ball, location: 2F
0-2: Foul Ball, location: 2F
0-2: Strikes out swinging
Batting: RHB Edward Jones 0-0: Ball
1-0: Swinging Strike
1-1: Called Strike
1-2: Strikes out swinging
Top of the 2nd over - 0 runs, 0 hits, 0 errors, 0 left on base; San Francisco (APP) 0 - Helena 6
BOTTOM OF THE 2ND
Helena Brewers batting - Pitching for San Francisco (APP) Giants : RHP Sam Green
Batting: RHB Frank Pena 0-0: Ball
1-0: Ball
2-0: Foul Ball, location: 2F
2-1: Swinging Strike
2-2: Ball
3-2: Base on Balls
Batting: RHB Xiao-shuang Au 0-0: Called Strike
0-1: Ball
Wild Pitch!
Frank Pena to second
1-1: Called Strike
1-2: Ball
Passed Ball!
Frank Pena to third
2-2: Ball
Passed Ball!
Frank Pena scores
3-2: Foul Ball, location: 2F
3-2: Base on Balls
Batting: LHB Fumito Sakurai 0-0: Ball
Wild Pitch!
Xiao-shuang Au to second
1-0: Called Strike
1-1: Foul Ball, location: 2F
1-2: Foul Ball, location: 2F
1-2: Ball
2-2: 2-RUN HOME RUN (Flyball, 89XD, EV 110.6 MPH), Distance : 413 ft
Batting: RHB Jeremy Harden 0-0: Ball
1-0: Swinging Strike
1-1: Ground out U3 (Groundball, 34, EV 109.4 MPH)
Batting: RHB Curtis Montgomery 0-0: Ball
1-0: Called Strike
1-1: Ball
2-1: Ball
3-1: Foul Ball, location: 2F
3-2: Foul Ball, location: 2F
3-2: Base on Balls
Batting: RHB Drew Forbess 0-0: Ball
Passed Ball!
Curtis Montgomery to second
1-0: Ball
2-0: Called Strike
2-1: Called Strike
2-2: Ball
Passed Ball!
Curtis Montgomery to third
3-2: SINGLE (Groundball, 6MD, EV 101.9 MPH)
Curtis Montgomery scores
Pitching: LHP Randy Monaco
Batting: RHB Jesus Menjivar 0-0: Called Strike
0-1: Foul Ball, location: 2F
0-2: Ball
1-2: Strikes out swinging
Batting: LHB Alex Chairez 0-0: Ball
1-0: Called Strike
1-1: Ball
2-1: SINGLE (Line Drive, 3D, EV 96.2 MPH)
Drew Forbess to second
Runner from 2nd tries for 3rd, SAFE, throw by RF made to third
Batting: RHB Mohammed bin Ubaida 0-0: Ball
1-0: Fly out, F8 (Flyball, 8RD, EV 85.0 MPH)
Bottom of the 2nd over - 4 runs, 3 hits, 0 errors, 2 left on base; San Francisco (APP) 0 - Helena 10
TOP OF THE 3RD
San Francisco (APP) Giants batting - Pitching for Helena Brewers : RHP Cesar Pulido
Batting: RHB James Jenkins 0-0: Swinging Strike
0-1: Called Strike
0-2: Ball
1-2: Strikes out swinging
Batting: RHB Danny Estrada 0-0: Called Strike
0-1: Ball
1-1: Called Strike
1-2: Strikes out swinging
Batting: RHB Ken Cromsie 0-0: Called Strike
0-1: Ball
1-1: Called Strike
1-2: Strikes out swinging
Top of the 3rd over - 0 runs, 0 hits, 0 errors, 0 left on base; San Francisco (APP) 0 - Helena 10
BOTTOM OF THE 3RD
Helena Brewers batting - Pitching for San Francisco (APP) Giants : LHP Randy Monaco
Batting: RHB Frank Pena 0-0: Ball
1-0: Ball
2-0: Ball
3-0: Called Strike
3-1: Called Strike
3-2: Base on Balls
Batting: RHB Xiao-shuang Au 0-0: Ball
1-0: Ball
2-0: Called Strike
2-1: Foul Ball, location: 2F
2-2: Ball
3-2: Base on Balls
Frank Pena to second
Pitching: RHP Russ Hudson
Batting: LHB Fumito Sakurai 0-0: Foul Ball, location: 2F
0-1: Ball
1-1: Ball
2-1: Swinging Strike
2-2: Foul Ball, location: 2F
2-2: Ball
3-2: Foul Ball, location: 2F
3-2: Foul Ball, location: 2F
3-2: Foul Ball, location: 2F
3-2: Foul Ball, location: 2F
3-2: Base on Balls
Frank Pena to third
Xiao-shuang Au to second
Batting: RHB Jeremy Harden 0-0: DOUBLE (Line Drive, 9LM, EV 106.2 MPH)
Frank Pena scores
Xiao-shuang Au scores
Fumito Sakurai to third
Batting: RHB Curtis Montgomery 0-0: Fly out, F8 (Flyball, 78S, EV 91.2 MPH)
Batting: RHB Drew Forbess 0-0: Ball
1-0: Ball
2-0: Foul Ball, location: 2F
2-1: Ball
3-1: Base on Balls
Pitching: RHP Conrad van Gemert
Batting: RHB Jesus Menjivar 0-0: Foul Ball, location: 2F
0-1: Swinging Strike
0-2: Ball
1-2: SINGLE (Groundball, 6MD, EV 96.2 MPH)
Fumito Sakurai scores
Jeremy Harden to third
Drew Forbess to second
Batting: LHB Alex Chairez 0-0: DOUBLE (Line Drive, 7LS, EV 109.4 MPH)
Jeremy Harden scores
Drew Forbess scores
Jesus Menjivar to third
Runner from 3rd tries for Home, SAFE, throw by LF to trailing runner, SAFE at third!
Batting: RHB Mohammed bin Ubaida 0-0: Ball
Passed Ball!
Alex Chairez scores
1-0: SOLO HOME RUN (Flyball, 7D, EV 102.5 MPH), Distance : 370 ft
Batting: RHB Frank Pena 0-0: Called Strike
0-1: Ball
1-1: Foul Ball, location: 2F
1-2: Ball
2-2: Foul Ball, location: 2F
2-2: Ball
3-2: Ground out 6-3 (Groundball, 56, EV 75.6 MPH)
Batting: RHB Xiao-shuang Au 0-0: Called Strike
0-1: Ball
1-1: Ball
2-1: Ball
3-1: Base on Balls
Batting: LHB Fumito Sakurai 0-0: Ball
Passed Ball!
Xiao-shuang Au to second
1-0: 2-RUN HOME RUN (Flyball, 89XD, EV 103.8 MPH), Distance : 405 ft
Batting: RHB Jeremy Harden 0-0: Called Strike
0-1: Ball
1-1: Ball
2-1: Ball
3-1: Foul Ball, location: 2F
3-2: Foul Ball, location: 2F
3-2: Fly out, F8 (Line Drive, 8RD, EV 84.4 MPH)
Bottom of the 3rd over - 10 runs, 5 hits, 0 errors, 0 left on base; San Francisco (APP) 0 - Helena 20
TOP OF THE 4TH
San Francisco (APP) Giants batting - Pitching for Helena Brewers : RHP Cesar Pulido
Batting: RHB Jonathan Hemsley 0-0: Called Strike
0-1: Foul Ball, location: 2F
0-2: Strikes out swinging
Batting: RHB Jerry Schlaak 0-0: Ball
1-0: Ball
2-0: Called Strike
2-1: Foul Ball, location: 2F
2-2: Foul Ball, location: 2F
2-2: Foul Ball, location: 2F
2-2: Foul Ball, location: 2F
2-2: Strikes out looking
Batting: RHB Matt Wallace 0-0: Ground out 1-3 (Groundball, 15S, EV 63.1 MPH)
Top of the 4th over - 0 runs, 0 hits, 0 errors, 0 left on base; San Francisco (APP) 0 - Helena 20
BOTTOM OF THE 4TH
Helena Brewers batting - Pitching for San Francisco (APP) Giants : RHP Conrad van Gemert
Batting: RHB Curtis Montgomery 0-0: Ball
1-0: Swinging Strike
1-1: Called Strike
1-2: Strikes out swinging
Batting: RHB Drew Forbess 0-0: Ball
1-0: Ball
2-0: Ball
3-0: Base on Balls
Batting: RHB Jesus Menjivar 0-0: Ball
Passed Ball!
Drew Forbess to second
1-0: Ball
Wild Pitch!
Drew Forbess to third
2-0: SINGLE (Groundball, 56, EV 99.4 MPH) (infield hit)
Drew Forbess scores
Batting: LHB Alex Chairez 0-0: Ball
Passed Ball!
Jesus Menjivar to second
1-0: Ball
Passed Ball!
Jesus Menjivar to third
2-0: Ball
3-0: Base on Balls
Batting: RHB Mohammed bin Ubaida 0-0: Fielders Choice at 2nd, 1-6 (Groundball, 23, EV 71.9 MPH)
Batting: RHB Frank Pena 0-0: Foul Ball, location: 2F
0-1: TRIPLE (Flyball, 9D, EV 98.8 MPH)
Jesus Menjivar scores
Mohammed bin Ubaida scores
Batting: RHB Xiao-shuang Au 0-0: Ground out 3-1 (Groundball, 34, EV 103.1 MPH)
Bottom of the 4th over - 3 runs, 2 hits, 0 errors, 1 left on base; San Francisco (APP) 0 - Helena 23
TOP OF THE 5TH
San Francisco (APP) Giants batting - Pitching for Helena Brewers : RHP Cesar Pulido
Batting: SHB Cedric Sweep 0-0: Ball
1-0: Called Strike
1-1: Swinging Strike
1-2: SINGLE (Groundball, 34D, EV 96.9 MPH)
Batting: RHB Rúbem Trancoso 0-0: Ball
1-0: SINGLE (Groundball, 13S, EV 68.8 MPH) (infield hit)
Cedric Sweep to second
Batting: RHB Edward Jones 0-0: Grounds into double play, 4-6-3 (Groundball, 4, EV 85.6 MPH)
Cedric Sweep to third
Batting: RHB James Jenkins 0-0: Ball
1-0: Ball
2-0: Ball
3-0: Called Strike
3-1: Fly out, F7 (Flyball, 78XD, EV 93.1 MPH)
Top of the 5th over - 0 runs, 2 hits, 0 errors, 1 left on base; San Francisco (APP) 0 - Helena 23
BOTTOM OF THE 5TH
Helena Brewers batting - Pitching for San Francisco (APP) Giants : RHP Conrad van Gemert
Batting: LHB Fumito Sakurai 0-0: Fly out, F8 (Flyball, 8RXD, EV 97.5 MPH)
Batting: RHB Jeremy Harden 0-0: SINGLE (Groundball, 56D, EV 106.9 MPH)
Batting: RHB Curtis Montgomery 0-0: Called Strike
0-1: Fielders Choice at 2nd, 1-4 (Groundball, 15, EV 66.2 MPH)
Batting: RHB Drew Forbess 0-0: Called Strike
0-1: SINGLE (Groundball, 34D, EV 105.6 MPH)
Curtis Montgomery to second
Batting: RHB Jesus Menjivar 0-0: Fly out, F3 (Line Drive, 3L, EV 76.9 MPH)
Bottom of the 5th over - 0 runs, 2 hits, 0 errors, 2 left on base; San Francisco (APP) 0 - Helena 23
TOP OF THE 6TH
San Francisco (APP) Giants batting - Pitching for Helena Brewers : RHP Cesar Pulido
Batting: RHB Danny Estrada 0-0: Foul Ball, location: 2F
0-1: Called Strike
0-2: Ball
1-2: Strikes out looking
Batting: RHB Ken Cromsie 0-0: Foul Ball, location: 2F
0-1: Ball
1-1: Ball
2-1: Swinging Strike
2-2: Ball
3-2: Strikes out looking
Batting: RHB Jonathan Hemsley 0-0: SINGLE (Line Drive, 4D, EV 98.1 MPH)
Batting: RHB Jerry Schlaak 0-0: Called Strike
0-1: Ball
1-1: Swinging Strike
1-2: Foul Ball, location: 2F
1-2: Strikes out swinging
Top of the 6th over - 0 runs, 1 hit, 0 errors, 1 left on base; San Francisco (APP) 0 - Helena 23
BOTTOM OF THE 6TH
Helena Brewers batting - Pitching for San Francisco (APP) Giants : RHP Conrad van Gemert
Batting: LHB Alex Chairez 0-0: Fly out, F8 (Flyball, 78M, EV 88.8 MPH)
Batting: RHB Mohammed bin Ubaida 0-0: Called Strike
0-1: Foul Ball, location: 2F
0-2: Reached on error, E4 (Groundball, 4M, EV 85.0 MPH)
Batting: RHB Frank Pena 0-0: Ball
1-0: Ball
Passed Ball!
Mohammed bin Ubaida to second
2-0: Ball
3-0: Base on Balls
Batting: RHB Xiao-shuang Au 0-0: Ball
1-0: Swinging Strike
1-1: Ball
2-1: Ball
3-1: Foul Ball, location: 2F
3-2: Base on Balls
Mohammed bin Ubaida to third
Frank Pena to second
Batting: LHB Fumito Sakurai 0-0: SINGLE (Groundball, 5S, EV 63.8 MPH) (infield hit)
Mohammed bin Ubaida scores
Frank Pena to third
Xiao-shuang Au to second
Batting: RHB Jeremy Harden 0-0: Called Strike
0-1: Swinging Strike
0-2: Ball
Wild Pitch!
Frank Pena scores
Xiao-shuang Au to third
Fumito Sakurai to second
1-2: Foul Ball, location: 2F
1-2: Ball
2-2: Ball
3-2: Foul Ball, location: 2F
3-2: Base on Balls
Batting: RHB Curtis Montgomery 0-0: Ball
1-0: Called Strike
1-1: Foul Ball, location: 2F
1-2: Ball
2-2: Foul Ball, location: 2F
2-2: Strikes out swinging
Batting: RHB Drew Forbess 0-0: Swinging Strike
0-1: Foul Ball, location: 2F
0-2: GRAND SLAM HOME RUN (Flyball, 8RXD, EV 108.1 MPH), Distance : 433 ft
Batting: RHB Jesus Menjivar 0-0: Ball
1-0: Ball
2-0: Ball
3-0: Base on Balls
Batting: LHB Alex Chairez 0-0: Ball
Passed Ball!
Jesus Menjivar to second
1-0: Ball
2-0: Ball
3-0: Base on Balls
Batting: RHB Mohammed bin Ubaida 0-0: Fly out, F8 (Flyball, 8LD, EV 102.5 MPH)
Bottom of the 6th over - 6 runs, 2 hits, 1 error, 2 left on base; San Francisco (APP) 0 - Helena 29
TOP OF THE 7TH
San Francisco (APP) Giants batting - Pitching for Helena Brewers : RHP Cesar Pulido
Batting: RHB Matt Wallace 0-0: Ball
1-0: Called Strike
1-1: Foul Ball, location: 2F
1-2: Foul Ball, location: 2F
1-2: Ball
2-2: Foul Ball, location: 2F
2-2: Strikes out looking
Batting: SHB Cedric Sweep 0-0: Called Strike
0-1: SINGLE (Flyball, 78S, EV 91.2 MPH)
Batting: RHB Rúbem Trancoso 0-0: Called Strike
Cedric Sweep steals 2nd base (no throw)
0-1: Reached on error, E4 (Groundball, 4MS, EV 59.4 MPH)
Cedric Sweep to third
Batting: RHB Edward Jones 0-0: Swinging Strike
0-1: Bunt missed!
0-2: Bunted foul, Strikeout!
Batting: RHB James Jenkins 0-0: Swinging Strike
0-1: Swinging Strike
0-2: Strikes out looking
Top of the 7th over - 0 runs, 1 hit, 1 error, 2 left on base; San Francisco (APP) 0 - Helena 29
BOTTOM OF THE 7TH
Helena Brewers batting - Pitching for San Francisco (APP) Giants : RHP Conrad van Gemert
Batting: RHB Frank Pena 0-0: Ball
1-0: Ball
2-0: Fly out, F9 (Flyball, 89M, EV 91.9 MPH)
Batting: RHB Xiao-shuang Au 0-0: Called Strike
0-1: SOLO HOME RUN (Flyball, 8RXD, EV 113.8 MPH), Distance : 446 ft
Batting: LHB Fumito Sakurai 0-0: Swinging Strike
0-1: Ball
1-1: Fly out, F9 (Line Drive, 9, EV 100.6 MPH)
Batting: RHB Jeremy Harden 0-0: Fly out, F8 (Flyball, 8LM, EV 88.8 MPH)
Bottom of the 7th over - 1 run, 1 hit, 0 errors, 0 left on base; San Francisco (APP) 0 - Helena 30
TOP OF THE 8TH
San Francisco (APP) Giants batting - Pitching for Helena Brewers : RHP Cesar Pulido
Batting: RHB Danny Estrada 0-0: Ball
1-0: Called Strike
1-1: Foul Ball, location: 2F
1-2: Strikes out swinging, 2-3 out at first.
Batting: RHB Ken Cromsie 0-0: Called Strike
0-1: Swinging Strike
0-2: Strikes out swinging
Batting: RHB Jonathan Hemsley 0-0: Ball
1-0: Ball
2-0: Called Strike
2-1: Reached on error, E6 (Groundball, 56, EV 88.8 MPH)
Pitching: RHP Zach Green
Batting: RHB Jerry Schlaak 0-0: Called Strike
0-1: Foul Ball, location: 2F
0-2: Foul Ball, location: 2F
0-2: Foul Ball, location: 2F
0-2: Strikes out swinging
Top of the 8th over - 0 runs, 0 hits, 1 error, 1 left on base; San Francisco (APP) 0 - Helena 30
BOTTOM OF THE 8TH
Helena Brewers batting - Pitching for San Francisco (APP) Giants : RHP Conrad van Gemert
Batting: RHB Curtis Montgomery 0-0: DOUBLE (Groundball, 5L, EV 100.6 MPH)
Batting: RHB Drew Forbess 0-0: Called Strike
0-1: Foul Ball, location: 2F
0-2: Ground out 5-3 (Groundball, 25, EV 81.2 MPH)
Batting: RHB Jesus Menjivar 0-0: Ball
1-0: Ball
Passed Ball!
Curtis Montgomery to third
2-0: Ball
Wild Pitch!
Curtis Montgomery scores
3-0: Base on Balls
Batting: LHB Alex Chairez 0-0: 2-RUN HOME RUN (Flyball, 89XD, EV 109.4 MPH), Distance : 425 ft
Batting: RHB Mohammed bin Ubaida 0-0: Fly out, F8 (Flyball, 8LD, EV 100.6 MPH)
Batting: RHB Frank Pena 0-0: Ground out 4-3 (Groundball, 4, EV 85.0 MPH)
Bottom of the 8th over - 3 runs, 2 hits, 0 errors, 0 left on base; San Francisco (APP) 0 - Helena 33
TOP OF THE 9TH
San Francisco (APP) Giants batting - Pitching for Helena Brewers : RHP Zach Green
Batting: RHB Matt Wallace 0-0: Foul Ball, location: 2F
0-1: Ball
1-1: Foul Ball, location: 2F
1-2: Strikes out swinging
Batting: SHB Cedric Sweep 0-0: Ball
1-0: Ground out U3 (Groundball, 3, EV 108.8 MPH)
Batting: RHB Rúbem Trancoso 0-0: Ball
1-0: Swinging Strike
1-1: Ball
2-1: Ball
3-1: Called Strike
3-2: Strikes out swinging
Top of the 9th over - 0 runs, 0 hits, 0 errors, 0 left on base; San Francisco (APP) 0 - Helena 33
Sunday, July 16th , 2023 - OOTP Baseball 24.6 Build 69